 Dungeon Crawl Stone Soup version 0.31-a0-232-gb1c03b2570 (webtiles) character file.

Game seed: 4205742890761508098

42 qw the Shooter (level 3, 0/21 HPs)
             Began as a Gargoyle Hexslinger on July 7, 2023.
             Slain by a gnoll
             ... wielding a +0 halberd
              (10 damage)
             ... on level 2 of the Dungeon.
             The game lasted 00:00:20 (863 turns).

qw the Shooter (Gargoyle Hexslinger)                 Turns: 863, Time: 00:00:21

Health: 0/21       AC: 11    Str: 11    XL:     3   Next: 56%
Magic:  4/4        EV: 10    Int: 13    God:
Gold:   79         SH:  5    Dex: 14    Spells: 3/4 levels left

rFire   . . .        f - +1 sling (heavy)
rCold   . . .        (no shield)
rNeg    + . .        e - +0 ring mail
rPois   inf          (no helmet)
rElec   +            (no cloak)
rCorr   .            j - +2 pair of gloves
SInv    .            (no boots)
Will    .....        h - amulet of reflection
Stlth   +            (no ring)
HPRegen 0.23/turn    (no ring)
MPRegen 0.09/turn

%: reflection
@: no status effects
A: sickness immunity, AC +3, negative energy resistance 1, electricity
resistance, torment resistance 1, petrification resistance
a: no special abilities


You were on level 2 of the Dungeon.
You visited 1 branch of the dungeon, and saw 2 of its levels.

You collected 79 gold pieces.


Innate Abilities, Weirdness & Mutations

You are immune to sickness and miasma.
Your stone body is resilient. (AC +3)
You are immune to poison.
You resist negative energy. (rN+)
You are resistant to electric shocks. (rElec)
You are resistant to unholy torment.
You are immune to petrification.


   Skills:
 - Level 2.0 Fighting
 + Level 3.2 Ranged Weapons
 - Level 1.0 Armour
 - Level 1.5 Dodging
 - Level 1.0 Spellcasting
 - Level 2.6 Hexes


You had 3 spell levels left.
You knew the following spells:

 Your Spells              Type           Power      Damage    Failure   Level
a - Slow                  Hex            28%        N/A       22%         1

Your spell library contained the following spells:

 Spells                   Type           Power      Damage    Failure   Level
 Inner Flame              Hex/Fire       4%         N/A       75%         3
 Portal Projectile        Hex/Tloc       8%         N/A       75%         3
 Cause Fear               Hex            3%         N/A       91%         4

Inventory:

Hand Weapons
 f - a +1 heavy sling (weapon)
Armour
 e - a +0 ring mail (worn)
 j - a +2 pair of gloves (worn)
Jewellery
 h - an amulet of reflection (around neck)

Dungeon Overview and Level Annotations

Branches:
Dungeon (2/15)

Altars:

Annotations:
D:1 2 transporters


Message History

You shoot a sling bullet.
The sling bullet hits the gnoll but does no damage.
A gnoll comes into view. It is wielding a +0 club.
You shoot a sling bullet. The gnoll shouts!
The sling bullet hits the gnoll!
You kill the gnoll!
Your Armour skill increases to level 1!
You shoot a sling bullet.
The sling bullet closely misses the gnoll.
The sling bullet hits the rat.
You kill the rat!
The gnoll hits you from afar with a +0 halberd.
A quokka comes into view.
The gnoll hits you from afar with a +0 halberd.
You shoot a sling bullet. The sling bullet hits the gnoll!
The gnoll is heavily wounded.
The frilled lizard closely misses you.
You shoot a sling bullet.
The sling bullet hits the frilled lizard!
You kill the frilled lizard!
You shoot a sling bullet.
The sling bullet barely misses the gnoll.
The sling bullet hits the quokka!
You kill the quokka!
The gnoll hits you from afar with a +0 halberd.
The gnoll barely misses you.
A kobold comes into view. It is wielding a +0 dagger.
The gnoll barely misses you. The gnoll closely misses you.
The gnoll barely misses you. x2
You shoot a sling bullet. The kobold shouts!
The sling bullet hits the gnoll!
The gnoll is almost dead.
You block the gnoll's attack. The gnoll hits you but does no damage.
The gnoll barely misses you. The gnoll hits you with a +0 club.
You shoot a sling bullet.
The sling bullet barely misses the gnoll.
The gnoll hits you from afar with a +0 halberd!
You die...

## ####.#
#..@.#...
#.##g#.. .
####.# g%. ..
#....# ...K..
#.#####.#.%...
#.#...#.......
#.......# ..[.
####.<#.# ....
######.##.#


You could see 2 gnolls and a kobold.

Vanquished Creatures
  A gnoll (D:2)
  A dart slug (D:1)
  2 endoplasms (D:1)
  A giant cockroach (D:1)
  2 goblins (D:1)
  5 hobgoblins (D:1)
  4 quokkas
  2 ball pythons (D:1)
  6 frilled lizards
  4 kobolds (D:1)
  3 rats
31 creatures vanquished.

Notes
Turn   | Place    | Note
-------+----------+-------------------------------------------
     0 | D:1      | qw the Gargoyle Hexslinger began the quest for the Orb.
     0 | D:1      | Reached XP level 1. HP: 12/12 MP: 2/2
     0 | D:1      | 0 ||| qw: Version: 0.3-a-46-gb1f654a
     0 | D:1      | 0 ||| qw: Game counter: 2296
     0 | D:1      | 0 ||| qw: Melee chars always use a shield: true
     0 | D:1      | 0 ||| qw: God list: Okawaru
     0 | D:1      | 0 ||| qw: Allow faded altars: false
     0 | D:1      | 0 ||| qw: Do Orc after clearing Dungeon:15 true
     0 | D:1      | 0 ||| qw: Do second Lair branch before Depths: true
     0 | D:1      | 0 ||| qw: Lair rune preference: random
     0 | D:1      | 0 ||| qw: Goals: Normal
     0 | D:1      | 0 ||| PLANNING D:1-11
    17 | D:1      | HP: 3/12 [hobgoblin (3)]
   126 | D:1      | Reached XP level 2. HP: 16/16 MP: 3/3
   257 | D:1      | Reached skill level 3 in Ranged Weapons
   380 | D:1      | Reached XP level 3. HP: 21/21 MP: 4/4
   770 | D:1      | 770 ||| UPGRADING to +0 ring mail.
   780 | D:1      | 780 ||| DROPPING +0 robe.
   781 | D:1      | 781 ||| UPGRADING to +2 pair of gloves.
   786 | D:1      | 786 ||| UPGRADING to amulet of reflection.
   791 | D:1      | 791 ||| READING scroll labelled NUBEAS ELEMANK.
   792 | D:1      | 792 ||| READING scroll labelled ZIOTUWALIE.
   793 | D:1      | 793 ||| READING scroll labelled QUBBAH RA YTIN.
   794 | D:1      | 794 ||| READING scroll labelled HAESOA ULENE.
   795 | D:1      | 795 ||| DROPPING scroll of poison.
   858 | D:2      | Reached skill level 1 in Armour
   863 | D:2      | Slain by a gnoll

Levels and vault maps discovered:
D:1:      spicycebolla_arrival_transporter_tutorial, layout_loops_ring
D:2:      layout_basic

Skill      XL: |  1  2  3 |
---------------+----------+-----
Ranged Weapons | 3 |  3.2
Fighting       | 2 |  2.0
Armour         | 1 |  1.0
Dodging        | |  1.5
Spellcasting   | |  1.0
Hexes          | |  2.6

Action                     || total
---------------------------++-------
   Fire: Sling             ||    86
    Use: Scroll            ||     4
 Armour: Robe              ||     4
         Ring mail         ||     1
  Dodge: Dodged            ||    19
  Block: Other             ||     1

Table legend:
 A = Non-vault XP
 B = Vault XP
 C = Vault XP percentage of total XP
 D = Non-vault monster count
 E = Vault monster count
 F = Vault count percentage of total count
                 A         B        C        D         E       F
            +---------+---------+-------+---------+---------+-------
      Total |      61 |       0 |   0.0 |      31 |       0 |   0.0
            +---------+---------+-------+---------+---------+-------
        D:1 |      43 |       0 |   0.0 |      27 |       0 |   0.0
        D:2 |      18 |       0 |   0.0 |       4 |       0 |   0.0
            +---------+---------+-------+---------+---------+-------
